 Dungeon Crawl Stone Soup version 0.25-a0-290-g4a1327ee3a (webtiles) character file.

Game seed: 6279979641594369904, levelgen mode: deterministic

4 FessEmpty the Skirmisher (level 1, -2/21 HPs)
             Began as a Gargoyle Berserker on Dec 13, 2019.
             Was a Follower of Trog.
             Slain by a rat (3 damage)
             ... on level 1 of the Dungeon.
             The game lasted 00:00:26 (60 turns).

FessEmpty the Skirmisher (Gargoyle Berserker)         Turns: 60, Time: 00:00:27

Health: -2/21      AC:  4    Str: 25    XL:     1   Next: 60%
Magic:  1/1        EV: 12    Int:  7    God:    Trog [*.....]
Gold:   0          SH:  0    Dex:  9    Spells: 0/0 levels left

rFire    . . .     SeeInvis .   a - +0 mace
rCold    . . .     Gourm    .   (no shield)
rNeg     + . .     Faith    .   b - +0 animal skin
rPois    ∞         Spirit   .   (no helmet)
rElec    +         Reflect  .   (no cloak)
rCorr    .         Harm     .   (no gloves)
MR       .....                  (no boots)
Stlth    ..........             (no amulet)
HPRegen  0.07/turn              (no ring)
MPRegen  0.07/turn              (no ring)

@: berserking, very quick
A: negative energy resistance 1, electricity resistance, unbreathing,
petrification resistance, rot immunity, AC +2
a: Berserk, Renounce Religion


You were on level 1 of the Dungeon.
You worshipped Trog.
Trog was aware of your devotion.
You were not hungry.

You visited 1 branch of the dungeon, and saw 1 of its levels.

Inventory:

Hand Weapons
 a - a +0 mace (weapon)
Armour
 b - a +0 animal skin (worn)
Comestibles
 c - a ration
 d - 4 chunks of flesh


   Skills:
 + Level 3.3 Fighting
 + Level 3.0 Maces & Flails
 + Level 2.3 Armour
 + Level 1.6 Dodging


You couldn't memorise any spells.
You didn't know any spells.
Your spell library was empty.

Dungeon Overview and Level Annotations

Branches:
Dungeon (1/15)

Altars:


Innate Abilities, Weirdness & Mutations

You are resistant to torment.
Your stone body is resilient. (AC +2)
You are immune to poison.
You resist negative energy. (rN+)
You are resistant to electric shocks. (rElec)
You can survive without breathing.
You are immune to petrification.
You are immune to rotting.


Message History

Welcome, FessEmpty the Gargoyle Berserker.
The bosom of this dungeon contains the fabled artefact, the Orb of Zot.
Trog says: Kill them all!
Press ? for a list of commands and other information.
Found a staircase leading out of the dungeon.
Found a buckler.
Saving game... please wait.
Welcome back, FessEmpty the Gargoyle Berserker.
Trog says: Kill them all!
Press ? for a list of commands and other information.
You see here a buckler.
As you open the door, it creaks loudly!
A hobgoblin comes into view.
The hobgoblin shouts!
You hear a shout!
Found a purple potion.
Found 2 yellow potions and 4 gold pieces.
There is an open door here.
You sock the hobgoblin!
You kill the hobgoblin!
Trog accepts your kill.
You butcher the hobgoblin corpse.
d - 4 chunks of flesh You see here a hobgoblin skeleton. x2
A rat comes into view.
A rat is nearby!
A dart slug comes into view.
Found a scroll labeled YGOFEGG BAXOP.
You see here a purple potion.
A goblin comes into view. It is wielding a +2 dagger of speed.
The goblin shouts!
The dart slug launches a dart at you. The slug dart hits you.
You barely miss the rat. The rat misses you.
The dart slug launches a dart at you. The slug dart misses you.
You closely miss the rat. The rat bites you.
The rat bites you but does no damage. The rat completely misses you.
You closely miss the rat. The rat bites you but does no damage.
You barely miss the rat. The rat closely misses you.
The goblin hits you with a +2 dagger of speed.
* * * LOW HITPOINT WARNING * * *
A red film seems to cover your vision as you go berserk!
You feel yourself moving faster!
You feel mighty!
You feel a lot more hungry. The goblin misses you.
The rat bites you but does no damage. The dart slug launches a dart at you.
The slug dart hits you.
* * * LOW HITPOINT WARNING * * *
You sock the dart slug!
You kill the dart slug!
Trog accepts your kill. The goblin hits you but does no damage.
The rat closely misses you.
You hit the goblin.
The goblin is moderately wounded.
The goblin hits you but does no damage. The rat bites you.
You die...

≈.≈≈≈. §§≈...
#.............. ≈§§.##
#.............. §§....
#..............
##########..............
.... ?................
≈§.######...............
.≈§.....##$....†rg......
#≈§§≈≈≈≈≈#......@.......
§§......##..............
#######.##...!...##+####
#.##.......#
#..'.÷....!+
####.......# #########


You could see a goblin and a rat.

Vanquished Creatures
  A dart slug (D:1)
  A hobgoblin (D:1)
2 creatures vanquished.

Notes
Turn   | Place    | Note
-------+----------+-------------------------------------------
     0 | D:1      | FessEmpty the Gargoyle Berserker began the quest for the
                  | Orb.
     0 | D:1      | Reached XP level 1. HP: 14/14 MP: 1/1
    58 | D:1      | HP: 1/21 [dart slug/slug dart (5)]
    60 | D:1      | Slain by a rat

Levels and vault maps discovered:
D:1:      psy_arrival_radial02, layout_basic

Action                   || total
-------------------------++-------
Melee: Mace              ||     7
Invok: Berserk           ||     1
Armor: Animal skin       ||     4
Dodge: Dodged            ||     6

Table legend:
 A = Non-vault XP
 B = Vault XP
 C = Vault XP percentage of total XP
 D = Non-vault monster count
 E = Vault monster count
 F = Vault count percentage of total count
                 A         B        C        D         E       F
            +---------+---------+-------+---------+---------+-------
      Total |       6 |       0 |   0.0 |       2 |       0 |   0.0
            +---------+---------+-------+---------+---------+-------
        D:1 |       6 |       0 |   0.0 |       2 |       0 |   0.0
            +---------+---------+-------+---------+---------+-------
